AoeStats
← Elfo Jhon

Arabia

509010006Analyzed
4v4 RM · 7d ago on Sep 25, 2026· 28m 30s· 8 players
Game mode
Random Map
Map size
Large (8 player)
Population
200
Speed
Normal
Resources
Standard
Victory
Conquest
Starting age
Dark Age
Ending age
Imperial Age
RankedLock teamsTeams togetherTeam positionsShared explorationLock speedFull tech treeHidden civsTurbo modeCheats
Victory
Defeat
🇨🇴 Vietnamese · Colombia
1294
+11
🇨🇴 Franks · Colombia
1245
+13
🇨🇴 Varangians · Colombia
1225
+13
🇨🇴 Ethiopians · Colombia
1210
+14
🇦🇷 Ethiopians · Argentina
1194
-13
🇦🇷 Magyars · Argentina
1192
-14
🇦🇷 Khmer · Argentina
1186
-13
🇦🇷 Maya · Argentina
1116
-11
Cookie Monster
6:39 Loom
9:02 Feudal Age
9:33 Double-Bit Axe
17:16 Wheelbarrow
17:25 Forging
21:16 Castle Age
19:24 Horse Collar
20:17 Scale Barding Armor
21:41 Bloodlines
22:20 Husbandry
22:37 Heavy Plow
27:58 Chain Barding Armor
Elfo Jhon
10:30 Feudal Age
9:09 Loom
12:13 Double-Bit Axe
18:21 Fletching
7azor7
6:03 Loom
6:31 Loom
9:11 Feudal Age
9:49 Double-Bit Axe
13:21 Fletching
21:40 Padded Archer Armor
25:18 Castle Age
24:57 Horse Collar
25:20 Crossbowman
25:57 Bodkin Arrow
Saarba
7:11 Loom
9:26 Feudal Age
10:18 Double-Bit Axe
20:04 Castle Age
19:54 Wheelbarrow
20:50 Husbandry
24:45 Scale Barding Armor
25:44 Forging
Dracarys
3:03 Loom
10:09 Feudal Age
13:53 Scale Barding Armor
18:14 Forging
18:06 Horse Collar
24:39 Castle Age
24:36 Double-Bit Axe
25:15 Bloodlines
26:08 Gold Mining
[AryaStark]
1:09 Loom
10:53 Feudal Age
18:07 Fletching
19:31 Padded Archer Armor
19:41 Horse Collar
27:11 Castle Age
27:14 Crossbowman
DHOKO
0:29 Loom
9:39 Feudal Age
10:32 Double-Bit Axe
14:48 Fletching
19:12 Padded Archer Armor
19:12 Horse Collar
22:06 Town Watch
22:30 Gold Mining
25:27 Castle Age
25:39 Crossbowman
26:25 Thumb Ring
26:21 Bodkin Arrow
Milki
6:04 Loom
9:15 Feudal Age
10:05 Double-Bit Axe
24:32 Castle Age
23:55 Scale Barding Armor
24:40 Bloodlines
25:35 Chain Barding Armor
Connection lost

Rejoining the realm…

Still unreachable

The connection could not be restored.

Session expired

The server has moved on; the page needs a fresh start.